 Dungeon Crawl Stone Soup version 0.31.0-1-g2c135a0 (webtiles) character file.

Game seed: 1267753257959556957

247 jagoly the Chopper (level 6, -1/38 HPs)
             Began as a Gargoyle Monk on Jan 26, 2024.
             Splashed by a jelly's acid (2 damage)
             ... on level 5 of the Dungeon.
             The game lasted 00:08:35 (1062 turns).

jagoly the Chopper (Gargoyle Monk)                  Turns: 1062, Time: 00:08:35

Health: -1/38      AC: 12    Str: 16    XL:     6   Next: 11%
Magic:  6/6        EV: 11    Int: 11    God:
Gold:   65         SH:  0    Dex: 12    Spells: 5/5 levels left

rFire   . . .        a - +0 hand axe
rCold   . . .        d - orb {light}
rNeg    + . .        w - +0 ring mail
rPois   ∞            (no helmet)
rElec   +            (no cloak)
rCorr   .            (no gloves)
SInv    .            e - +2 pair of boots
Will    .....        (no amulet)
Stlth   +            (no ring)
HPRegen 0.26/turn    (no ring)
MPRegen 0.10/turn

%: no passive effects
@: attractive, glowing
A: sickness immunity, AC +4, negative energy resistance 1, electricity
resistance, torment resistance 1, petrification resistance
a: no special abilities


You were on level 5 of the Dungeon.
You visited 1 branch of the dungeon, and saw 5 of its levels.

You collected 65 gold pieces.

Inventory:

Hand Weapons
 a - a +0 hand axe (weapon)
 g - a +0 flail
 k - a +0 sling
 o - a +1 flail of holy wrath
Missiles
 f - 22 stones (quivered)
 j - 2 poisoned darts
Armour
 b - a +0 robe
 d - an orb of light (worn)
 e - a +2 pair of boots (worn)
 w - a +0 ring mail (worn)
Magical Staves
 l - a staff of cold
Scrolls
 p - a scroll of torment {unknown}
 r - a scroll of immolation {unknown}
 s - a scroll of vulnerability {unknown}
 u - a scroll of teleportation {unknown}
 v - a scroll of fog {unknown}
Potions
 c - a potion of ambrosia
 i - a potion of heal wounds
 m - 2 potions of curing
 n - a potion of attraction
 q - a potion of enlightenment {unknown}
 t - a potion of lignification {unknown}
 x - a potion of resistance {unknown}


   Skills:
 - Level 4.0 Fighting
 + Level 5.4 Axes
 + Level 0.0 Armour
 - Level 2.4 Dodging
 - Level 2.0 Stealth


You had 5 spell levels left.
You didn't know any spells.
Your spell library contained the following spells:

 Spells                   Type           Power      Damage    Failure   Level
 Ozocubu's Armour         Ice            0%         N/A       90%         3
 Metabolic Englaciation   Hex/Ice        0%         N/A       100%        5
 Sculpt Simulacrum        Ice/Alch       0%         N/A       100%        6


Dungeon Overview and Level Annotations

Branches:
Dungeon (5/15) Zot: 26921
 Temple: D:4-7

Altars:

Shops:
D:1 !

Annotations:
D:3 Grinder, Sigmund


Innate Abilities, Weirdness & Mutations

You are immune to sickness and miasma.
Your stone body is resilient. (AC +4)
You are immune to poison.
You resist negative energy. (rN+)
You are resistant to electric shocks. (rElec)
You are resistant to unholy torment.
You are immune to petrification.


Message History

You see here a staff of cold.
l - a staff of cold A rat comes into view.
Found 7 stones.
The rat squeaks loudly.
A quokka comes into view.
The rat bites you.
You hit the rat.
You kill the rat!
You have reached level 3!
Your experience leads to an increase in your attributes!
Increase (S)trength, (I)ntelligence, or (D)exterity?
You feel stronger. x2
You hit the quokka.
The quokka is moderately wounded.
The quokka completely misses you.
You hit the quokka but do no damage.
The quokka is moderately wounded.
The quokka barely misses you.
The quokka twitches its whiskers.
The quokka misses you.
You hit the quokka.
You kill the quokka!
No target in view!
Found 2 smoky coppery potions.
f - 12 stones (gained 7)
Found a gold piece.
A ball python comes into view.
Found a murky pink potion.
The ball python hisses angrily.
You see here a gold piece.
You now have 17 gold pieces (gained 1).
The ball python misses you. The ball python barely misses you.
You slash the ball python!
You kill the ball python!
No target in view!
m - a murky pink potion
Found a jewelled wooden wand and a dagger.
n - 2 smoky coppery potions
o - a wand of acid (4)
Found a scroll labelled TOUREA TINO.
p - a scroll labelled TOUREA TINO
Found 10 gold pieces.
You now have 27 gold pieces (gained 10).
A goblin comes into view. It is wielding a +0 dagger.
A goblin is nearby!
The goblin hits you with a +0 dagger.
You slash the goblin!
You kill the goblin!
Things that are here:
a +0 dagger; a goblin corpse A frilled lizard comes into view.
A frilled lizard is nearby!
You barely miss the frilled lizard.
The frilled lizard hisses angrily.
The frilled lizard bites you but does no damage.
You slash the frilled lizard!
You kill the frilled lizard!
You see here a frilled lizard corpse.
A kobold comes into view. It is wielding a +0 short sword.
The kobold shouts!
The kobold throws a stone.
The stone hits you but does no damage.
A kobold is nearby!
The kobold throws a stone.
The stone closely misses you.
The kobold throws a stone.
The stone barely misses you.
You hit the kobold.
You kill the kobold!
No target in view!
f - 15 stones (gained 3)
Things that are here:
a +0 short sword; a kobold corpse
Found a scroll labelled KYDAOG TAOHI.
h - 2 scrolls labelled KYDAOG TAOHI (gained 1)
Found 7 stones.
f - 22 stones (gained 7)
Found a stone staircase leading down.
A hobgoblin comes into view.
The hobgoblin closely misses you.
You hit the hobgoblin.
The hobgoblin is almost dead.
The hobgoblin hits you but does no damage.
The hobgoblin misses you.
You barely miss the hobgoblin.
The hobgoblin is almost dead.
The hobgoblin closely misses you.
You hit the hobgoblin.
You kill the hobgoblin!
Found a stone staircase leading up.
There is a stone staircase leading up here.
You climb upwards.
Found a gluggy clear potion.
There is a stone staircase leading down here.
q - a gluggy clear potion
Found a book of Winter.
You pick up a book of Winter and begin reading...
You add the spells Ozocubu's Armour, Metabolic Englaciation and Sculpt Simulacrum to your library.
There is a stone staircase leading down here.
You climb downwards.
There is a stone staircase leading up here.
There is a stone staircase leading down here.
You climb downwards.
Grinder shouts!
The goblin shouts!
You hear an angry hiss.
There is a stone staircase leading up here.
The ball python hisses angrily.
You climb upwards.
There is a stone staircase leading down here.
Unknown command.
Found a scroll labelled QIFAGU TUACW.
Found 6 gold pieces.
r - a scroll labelled QIFAGU TUACW An adder comes into view.
Found 14 gold pieces.
The adder hisses angrily.
The adder bites you.
You hit the adder.
The adder is lightly wounded.
The adder bites you but does no damage.
You closely miss the adder.
The adder is lightly wounded.
The adder barely misses you. The adder closely misses you.
You slash the adder!
The adder is almost dead.
The adder bites you.
You hit the adder but do no damage.
The adder is almost dead.
The adder bites you. x2
You closely miss the adder.
The adder is almost dead.
The adder bites you.
You hit the adder.
You kill the adder!
No target in view!
You now have 33 gold pieces (gained 6).
You now have 47 gold pieces (gained 14).
Found a stone staircase leading down.
There is a stone staircase leading down here.
You climb downwards.
Level annotation: Grinder
There is a stone staircase leading up here.
Sigmund the Dreaded comes into view.
He is wielding a +0 scythe and wearing a +2 robe of cold resistance.
Sigmund casts a spell at you. The puff of flame hits you!
* * * LOW HITPOINT WARNING * * *
There is a stone staircase leading up here.
You climb upwards.
There is a stone staircase leading down here.
Found a fizzy coppery potion.
Found a scroll labelled QEHITZ JALL.
s - a scroll labelled QEHITZ JALL
t - a fizzy coppery potion HP restored.
Found a dagger.
HP restored.
You see here a hobgoblin skeleton.
There is a stone staircase leading up here.
Found a stone staircase leading down.
There is a stone staircase leading down here.
You climb downwards.
Level annotation: Grinder, Sigmund
There is a stone staircase leading up here.
Found 13 gold pieces.
You now have enough gold to buy a potion of brilliance on D:1.
You can access your shopping list by pressing '$'.
You now have 60 gold pieces (gained 13).
A quokka comes into view.
The quokka closely misses you.
You closely miss the quokka. The quokka misses you.
You completely miss the quokka.
The quokka bites you but does no damage.
You hit the quokka.
The quokka is lightly wounded.
The quokka bites you but does no damage.
The quokka completely misses you.
You barely miss the quokka.
The quokka is lightly wounded.
The quokka barely misses you.
You closely miss the quokka.
The quokka is lightly wounded.
The quokka bites you but does no damage.
You hit the quokka.
The quokka is moderately wounded.
The quokka closely misses you.
The quokka bites you but does no damage.
You hit the quokka.
The quokka is heavily wounded.
The quokka closely misses you.
You hit the quokka.
You kill the quokka!
No target in view!
No target in view!
You see here a quokka corpse.
Found a rapier.
Found a stone staircase leading down.
There is a stone staircase leading down here.
You open the door.
There is an open door here.
There is an open door here.
There is a stone staircase leading down here.
You climb downwards.
Found a hand axe.
There is a stone staircase leading up here.
You hit the dart slug.
The dart slug is heavily wounded.
The dart slug completely misses you.
You hit the dart slug.
You kill the dart slug!
No target in view!
There is a stone staircase leading up here.
Found 5 gold pieces.
Found a stone staircase leading up.
Found a scroll labelled BICWYS ZEIN and a scroll labelled HIGOHI MOAWN.
An endoplasm comes into view.
Found a stone staircase leading down.
You see here 5 gold pieces.
You now have 65 gold pieces (gained 5).
The endoplasm quivers.
You hit the endoplasm.
The endoplasm is lightly wounded.
The endoplasm jiggles.
The endoplasm hits you but does no damage.
You hit the endoplasm.
You kill the endoplasm!
No target in view!
No target in view!
u - a scroll labelled HIGOHI MOAWN
Found 9 stones.
There is a stone staircase leading up here.
You climb upwards.
Level annotation: Grinder, Sigmund
Found a glowing sapphire potion.
There is a stone staircase leading down here.
Found a book of Winter.
Found a murky pink potion.
Found an escape hatch in the ceiling.
i - 2 glowing sapphire potions (gained 1)
You see here a book of Winter.
m - 2 murky pink potions (gained 1)
You see here a book of Winter.
There is a stone staircase leading down here.
You climb downwards.
There is a stone staircase leading up here.
A hobgoblin comes into view.
The hobgoblin shouts!
You hear a shout!
You hit the hobgoblin.
The hobgoblin is severely wounded.
The hobgoblin hits you but does no damage.
You hit the hobgoblin.
You kill the hobgoblin!
No target in view!
An ogre comes into view. It is wielding a +0 giant club.
v - a scroll labelled BICWYS ZEIN
Found a scroll labelled AMAWAOSIKE.
Throw: 4 darts (poison)
Press: ? - help, Shift-Dir - straight line, f - ogre
Aim: an ogre, wielding a +0 giant club (71% to hit)
You throw a poisoned dart. The poisoned dart hits the ogre.
The ogre is poisoned.
Throw: 3 darts (poison)
Press: ? - help, Shift-Dir - straight line, f/p - ogre
Aim: an ogre, wielding a +0 giant club (poisoned, haloed, 93% to hit)
You throw a poisoned dart. The poisoned dart hits the ogre.
The ogre looks even sicker.
A gnoll comes into view. It is wielding a +0 spear.
The gnoll shouts!
A gnoll comes into view. It is wielding a +0 whip.
A gnoll comes into view. It is wielding a +0 club.
The gnoll shouts!
A gnoll comes into view. It is wielding a +0 flail.
Aiming: Corrosive Bolt
Press: ? - help, Shift-Dir - straight line, f/p - ogre
Aim: an ogre, wielding a +0 giant club (lightly wounded, very poisoned, haloed, 91% to hit)
The bolt of acid hits the ogre!!
The acid corrodes the ogre!
The ogre is almost dead.
The gnoll shouts!
The ogre hits you with a +0 giant club!!
Ouch! That really hurt!
* * * LOW HITPOINT WARNING * * *
Cleave: a) +0 hand axe
Press: ? - help, Dir - move target, f/p - ogre
Aim: an ogre, wielding a +0 giant club (almost dead, very poisoned, covered in acid, haloed, about 7% to evade your +0 hand axe)
You barely miss the ogre.
The ogre is almost dead.
Cleave: a) +0 hand axe
Press: ? - help, Dir - move target, f/p - ogre
Aim: an ogre, wielding a +0 giant club (almost dead, poisoned, covered in acid, haloed, about 7% to evade your +0 hand axe)
You slash the ogre!
You kill the ogre!
A gnoll bouda comes into view. It is wielding a +0 whip.
Training target 4.0 for Fighting reached!
Training target 2.0 for Stealth reached!
Your Fighting skill increases to level 4!
Your Axes skill increases to level 4!
Your Stealth skill increases to level 2!
You have reached level 4!
You feel clever.
You have reached level 5!
An adder comes into view.
You see here a +0 hand axe.
The adder completely misses you. The adder attacks as it pursues you!
The adder bites you but does no damage.
There is a stone staircase leading up here.
The adder attacks as it pursues you! The adder bites you but does no damage.
The adder bites you but does no damage. The adder bites you.
* * * LOW HITPOINT WARNING * * *
The adder attacks as it pursues you! The adder bites you but does no damage.
There is a stone staircase leading down here.
The adder bites you but does no damage. The adder closely misses you.
You climb downwards.
There is a stone staircase leading up here.
Cleave: a) +0 hand axe
Press: ? - help, Dir - move target, f - adder
Aim: an adder (haloed, about 37% to evade your +0 hand axe)
You closely miss the adder. The adder barely misses you.
Cleave: a) +0 hand axe
Press: ? - help, Dir - move target, f/p - adder
Aim: an adder (haloed, about 37% to evade your +0 hand axe)
You hit the adder.
The adder is heavily wounded.
The adder bites you but does no damage.
Cleave: a) +0 hand axe
Press: ? - help, Dir - move target, f/p - adder
Aim: an adder (heavily wounded, haloed, about 37% to evade your +0 hand axe)
You slash the adder!
You kill the adder!
There is a stone staircase leading up here.
You hear a distant slurping noise.
Found a metallic amethyst potion.
Edmund the Younger comes into view.
He is wielding a +1 flail of holy wrath.
Edmund shouts!
Aiming: Corrosive Bolt
Press: ? - help, Shift-Dir - straight line, f - Edmund
Aim: Edmund, wielding a +1 flail of holy wrath and wearing a +0 ring mail (haloed, 83% to hit)
The bolt of acid hits Edmund!
The acid corrodes Edmund!
Edmund is lightly wounded.
Aiming: Corrosive Bolt
Press: ? - help, Shift-Dir - straight line, f/p - Edmund
Aim: Edmund, wielding a +1 flail of holy wrath and wearing a +0 ring mail (lightly wounded, covered in acid, haloed, 83% to hit)
The bolt of acid hits Edmund!
Edmund is heavily wounded.
Edmund hits you with a +1 flail of holy wrath.
* * * LOW HITPOINT WARNING * * *
Aiming: Corrosive Bolt
Press: ? - help, Shift-Dir - straight line, f/p - Edmund
Aim: Edmund, wielding a +1 flail of holy wrath and wearing a +0 ring mail (heavily wounded, covered in acid, haloed, 83% to hit)
The bolt of acid hits Edmund!
Edmund seems to be corroded for longer.
Edmund is almost dead.
The now-empty wand crumbles to dust.
Edmund hits you with a +1 flail of holy wrath.
* * * LOW HITPOINT WARNING * * *
Cleave: a) +0 hand axe
Press: ? - help, Dir - move target, f/p - Edmund
Aim: Edmund, wielding a +1 flail of holy wrath and wearing a +0 ring mail (almost dead, covered in acid, haloed, about 17% to evade your +0 hand axe)
You hit Edmund.
Edmund is almost dead.
Edmund barely misses you.
Cleave: a) +0 hand axe
Press: ? - help, Dir - move target, f/p - Edmund
Aim: Edmund, wielding a +1 flail of holy wrath and wearing a +0 ring mail (almost dead, covered in acid, haloed, about 17% to evade your +0 hand axe)
You hit Edmund but do no damage.
Edmund is almost dead.
Edmund hits you with a +1 flail of holy wrath.
* * * LOW HITPOINT WARNING * * *
Cleave: a) +0 hand axe
Press: ? - help, Dir - move target, f/p - Edmund
Aim: Edmund, wielding a +1 flail of holy wrath and wearing a +0 ring mail (almost dead, covered in acid, haloed, about 17% to evade your +0 hand axe)
You hit Edmund.
You kill Edmund!
Your Axes skill increases to level 5!
You have reached level 6!
Things that are here:
a +1 flail of holy wrath; a +0 ring mail; the human corpse of Edmund
o - a +1 flail of holy wrath You start removing your armour.
You continue taking off your +0 robe. x4
You finish taking off your +0 robe.
You start putting on your armour.
You continue putting on your +0 ring mail. x5
You finish putting on your +0 ring mail.
A gnoll comes into view. It is wielding a +0 spear.
The gnoll shouts!
You hear a shout! x2
A gnoll and an orc come into view.
The orc shouts!
A gnoll comes into view. It is wielding a +0 halberd.
A gnoll bouda comes into view. It is wielding a +0 whip.
You see here a metallic amethyst potion.
x - a metallic amethyst potion The gnoll bouda shouts!
You hear an angry hiss.
Found a barding.
A jelly comes into view.
The jelly quivers.
You open the door.
There is an open door here.
You close the door.
You open the door.
You hear a slurping noise.
The jelly eats the door!
The gnoll bouda barks out a call to the hunt!
The gnolls pick up the pace!
There is an open door here.
The gnoll attacks as it pursues you! The gnoll barely misses you. x2
The gnoll hits you but does no damage. The gnoll hits you but does no damage.
The orc hits you with a +0 club.
* * * LOW HITPOINT WARNING * * *
The gnoll hits you with a +0 whip.
* * * LOW HITPOINT WARNING * * *
The gnoll attacks as it pursues you! The gnoll hits you with a +0 whip.
* * * LOW HITPOINT WARNING * * *
The gnoll attacks as it pursues you!
The gnoll hits you but does no damage. x2
The orc attacks as it pursues you! The orc hits you but does no damage.
The gnoll attacks as it pursues you! The gnoll closely misses you.
The gnoll attacks as it pursues you! The gnoll misses you.
A gnoll and a sleepcap come into view.
The gnoll is wielding a +2 whip of venom.
The orc attacks as it pursues you! The orc hits you but does no damage.
The gnoll attacks as it pursues you! The gnoll hits you but does no damage.
As you read the scroll labelled KYDAOG TAOHI, it crumbles to dust.
It is a scroll of identify.
i - 2 potions of heal wounds The gnoll hits you but does no damage.
The orc hits you but does no damage. The gnoll hits you but does no damage.
Okay, then.
You feel much better.
The gnoll is no longer moving quickly.
The orc closely misses you. The gnoll misses you.
The gnoll hits you with a +0 whip.
As you read the scroll of identify, it crumbles to dust.
m - 2 potions of curing The gnoll is no longer moving quickly.
The orc barely misses you. The gnoll misses you.
The gnoll bouda barks out a call to the hunt!
The gnolls pick up the pace!
The gnoll completely misses you.
Okay, then.
It was a potion of attraction.
You feel attractive to monsters.
The gnoll hits you from afar with a +0 halberd!
The orc barely misses you. The jelly hits you but does no damage.
The gnoll hits you but does no damage. The gnoll closely misses you.
You hit the sleepcap but do no damage.
You hit the gnoll bouda but do no damage.
You hit the orc but do no damage. You hit the gnoll. You hit the jelly.
Your hands burn!
The gnoll hits you from afar with a +0 halberd.
The orc hits you but does no damage. The jelly hits you but does no damage.
The gnoll hits you but does no damage.
The sleepcap releases spores at you but does no damage.
The gnoll barely misses you.
You hit the gnoll but do no damage.
The gnoll is moderately wounded.
You hit the jelly.
Your hands burn!
You hit the gnoll. You hit the sleepcap but do no damage.
You hit the orc but do no damage. You barely miss the gnoll bouda.
The gnoll hits you from afar with a +0 halberd.
* * * LOW HITPOINT WARNING * * *
The jelly hits you but does no damage. The orc barely misses you.
The gnoll barely misses you. The sleepcap barely misses you.
The gnoll misses you. The gnoll barely misses you.
You are too injured to fight recklessly!
You are too injured to fight recklessly!
Cleave: a) +0 hand axe
Press: ? - help, Dir - move target, f - gnoll
Aim: a gnoll, wielding a +0 whip (lightly wounded, covering ground quickly, haloed, about 17% to evade your +0 hand axe)
You hit the gnoll but do no damage.
The gnoll is lightly wounded.
You hit the orc.
You hit the gnoll bouda but do no damage.
You hit the jelly.
Your hands burn!
* * * LOW HITPOINT WARNING * * *
You hit the gnoll. You slash the sleepcap!
The gnoll is no longer moving quickly.
The gnoll closely misses you. The orc barely misses you.
The jelly closely misses you. The gnoll hits you but does no damage.
The gnoll barely misses you. The sleepcap closely misses you.
The gnoll bouda hits you but does no damage.
The gnoll closely misses you.
Cleave: a) +0 hand axe
Press: ? - help, Dir - move target, f/p - gnoll
Aim: a gnoll, wielding a +0 whip (lightly wounded, haloed, about 17% to evade your +0 hand axe)
You hit the gnoll.
The gnoll is moderately wounded.
You hit the sleepcap but do no damage. You hit the orc but do no damage.
You hit the gnoll bouda. You hit the jelly.
Your hands burn!
* * * LOW HITPOINT WARNING * * *
You hit the gnoll. The gnoll misses you. The orc hits you but does no damage.
The jelly barely misses you.
The gnoll hits you from afar with a +0 spear.
* * * LOW HITPOINT WARNING * * *
The gnoll barely misses you. The sleepcap completely misses you.
The gnoll bouda barks out a call to the hunt!
The gnoll picks up the pace!
The gnoll hits you with a +2 whip of venom!
* * * LOW HITPOINT WARNING * * *
The gnoll hits you from afar with a +0 halberd.
* * * LOW HITPOINT WARNING * * *
The orc barely misses you. The jelly barely misses you.
Cleave: a) +0 hand axe
Press: ? - help, Dir - move target, f/p - gnoll
Aim: a gnoll, wielding a +0 whip (moderately wounded, covering ground quickly, haloed, about 17% to evade your +0 hand axe)
You hit the gnoll but do no damage.
The gnoll is moderately wounded.
You hit the jelly.
Your hands burn!
You die...

#.###.....†.#
#...g..
##.......###.#
#....... <......#.#
#.# .......
..######.# #.#
#......
..#......###+###....
..#................
..#...............#
..#[...........fgg#
..###.#.......gg@.#
..# #.#........oJ.#
### #.#.......g...#
#.'...........#
###...........#
#############


You could see a sleepcap, a gnoll bouda, a jelly, 4 gnolls and an orc.

Vanquished Creatures
  Edmund (D:5)
  An ogre (D:4)
  3 adders
  2 dart slugs
  3 endoplasms
  A giant cockroach (D:1)
  A goblin (D:2)
  5 hobgoblins
  A kobold (D:2)
  2 quokkas
  A ball python (D:2)
  2 bats (D:1)
  2 frilled lizards
  2 rats
27 creatures vanquished.

Notes
Turn   | Place    | Note
-------+----------+-------------------------------------------
     0 | D:1      | jagoly the Gargoyle Monk began the quest for the Orb.
     0 | D:1      | Reached XP level 1. HP: 14/14 MP: 1/1
   224 | D:1      | Found a faded altar of an unknown god.
   245 | D:1      | Reached skill level 3 in Axes
   245 | D:1      | Reached XP level 2. HP: 15/19 MP: 2/2
   265 | D:1      | Reached skill level 1 in Stealth
   316 | D:1      | Found Weimom's Distillery.
   377 | D:2      | Reached XP level 3. HP: 22/23 MP: 3/3
   624 | D:3      | Noticed Grinder
   685 | D:3      | Noticed Sigmund
   951 | D:4      | Noticed an ogre
   966 | D:4      | Killed an ogre
   967 | D:4      | Reached skill level 4 in Axes
   967 | D:4      | Reached XP level 4. HP: 5/29 MP: 4/4
   967 | D:4      | Reached XP level 5. HP: 6/33 MP: 5/5
   984 | D:5      | Entered Level 5 of the Dungeon
   999 | D:5      | Noticed Edmund
  1005 | D:5      | Killed Edmund
  1006 | D:5      | Reached skill level 5 in Axes
  1006 | D:5      | Reached XP level 6. HP: 2/38 MP: 6/6
  1061 | D:5      | HP: 1/38 [gnoll/+0 halberd[a gnoll bouda] (1)]
  1062 | D:5      | Splashed by a jelly's acid

Illustrated notes

Levels and vault maps discovered:
D:1:      minmay_arrival_checkered_box, layout_loops_ring,
          ebering_ecumenical_altar_mist, serial_shops,
          nicolae_shop_real_fake_doors, minmay_hexomino_p4
D:2:      layout_loops_cross
D:3:      layout_basic, grunt_decor_junction, uniq_sigmund, uniq_grinder
D:4:      layout_loops_ring, nzn_wu_jian_contemplation,
          lemuel_zombie_altar_yredelemnul, minmay_temple_entry_water_ring,
          serial_shops, shop
D:5:      layout_basic, serial_shops, shop, hangedman_decor_clover_reticule,
          uniq_edmund

Skill      XL: |  1  2  3  4  5 |
---------------+----------------+-----
Axes           | 3 4 5 |  5.4
Stealth        | 1 2 |  2.0
Fighting       | 4 |  4.0
Dodging        | |  2.4

Action                     |  1- 3 |  4- 6 || total
---------------------------+-------+-------++-------
  Melee: Hand axe          |    55 |    11 ||    66
  Throw: Dart              |     2 |       ||     2
  Evoke: Wand              |     1 |     3 ||     4
    Use: Scroll            |       |     2 ||     2
         Potion            |       |     2 ||     2
 Armour: Robe              |    27 |    10 ||    37
         Ring mail         |       |    30 ||    30
  Dodge: Dodged            |    33 |    33 ||    66
